 Dungeon Crawl Stone Soup version 0.31-a0-187-gba352fbbf7 (webtiles) character file.

Game seed: 11422213144817299974

49 qw the Shooter (level 3, 0/20 HPs)
             Began as a Deep Elf Hunter on June 22, 2023.
             Slain by an adder (1 damage)
             ... on level 2 of the Dungeon.
             The game lasted 00:00:29 (1399 turns).

qw the Shooter (Deep Elf Hunter)                    Turns: 1399, Time: 00:00:29

Health: 0/20       AC:  3    Str: 10    XL:     3   Next: 51%
Magic:  5/5        EV: 12    Int: 13    God:
Gold:   67         SH:  0    Dex: 18    Spells: 2/2 levels left

rFire   . . .        Y - +0 shortbow
rCold   . . .        (shield currently unavailable)
rNeg    . . .        c - +0 leather armour
rPois   .            (no helmet)
rElec   .            (no cloak)
rCorr   .            (no gloves)
SInv    .            (no boots)
Will    .....        (no amulet)
Stlth   +            (no ring)
HPRegen 0.23/turn    (no ring)
MPRegen 0.09/turn

%: no passive effects
@: lethally poisoned (0 -> -4), very slow
A: no striking features
a: no special abilities


You were on level 2 of the Dungeon.
You visited 1 branch of the dungeon, and saw 2 of its levels.

You collected 67 gold pieces.


   Skills:
 - Level 1.5 Fighting
 + Level 7.0 Ranged Weapons
 - Level 2.4 Dodging
 - Level 1.2 Stealth


You had 2 spell levels left.
You didn't know any spells.
Your spell library was empty.

Inventory:

Hand Weapons
 Y - a +0 shortbow (weapon)
Armour
 a - a +0 scale mail
 b - a +0 helmet
 c - a +0 leather armour (worn)
Potions
 e - a potion of curing

Dungeon Overview and Level Annotations

Branches:
Dungeon (2/15)

Altars:
Ashenzari

Shops:
D:1 *


Message History

Enter note:
1390 ||| UPGRADING to +0 scale mail.
You start removing your armour.
You continue taking off your +0 leather armour. x2
The adder bites you.
You stop removing your armour.
You shoot an arrow. The arrow barely misses the adder.
The arrow hits the plant!
The plant begins to die.
The plant is lightly damaged.
The adder bites you but does no damage.
You shoot an arrow. The arrow closely misses the adder.
The arrow completely misses the plant.
The arrow hits the plant.
The plant begins to die.
The plant is lightly damaged.
The adder bites you but does no damage. The adder bites you.
You are poisoned.
The adder poisons you!
You shoot an arrow. The arrow closely misses the adder.
The arrow hits the plant.
The plant is lightly damaged.
You feel sick. The adder bites you.
You are lethally poisoned!
The adder poisons you!
You shoot an arrow. The arrow closely misses the adder.
The arrow hits the plant!
The plant is lightly damaged.
You feel sick.
A nearby plant withers and dies.
The adder bites you but does no damage.
You shoot an arrow. The arrow closely misses the adder.
The arrow hits the plant.
The plant is lightly damaged.
You feel very sick. The adder bites you but does no damage.
The adder bites you.
You shoot an arrow. The arrow closely misses the adder.
The arrow hits the plant but does no damage.
The plant is lightly damaged.
You feel sick.
A nearby plant withers and dies.
The adder barely misses you.
You shoot an arrow. The arrow hits the adder.
The adder is lightly wounded.
You feel sick. The adder bites you. x2
You die...

.........###~P~~PPP.
.........# #~~~7PPP.P 7~
.........###.~~~~PPP 7~P
..##.....##..~~~~7P77~~~
.###.(...##....~~~7~~~P#
.......(.##...PP7~7~~.P.
......#####...PP~~~~~P..
......#####...PPPS~~PP.#
...............~@P~P.P.#
......#####...##PPP.P...
......# #...###.......
......# ##### :#.....
......# .#..... ......#
.# .... ####### .# ###
..


You could see an adder.

Vanquished Creatures
  An adder (D:2)
  A worm (D:2)
  A dart slug (D:1)
  4 ball pythons (D:1)
  2 bats (D:1)
  An endoplasm (D:1)
  3 giant cockroaches
  3 goblins (D:1)
  5 hobgoblins
  3 quokkas
  A frilled lizard (D:1)
  5 rats
30 creatures vanquished.

Notes
Turn   | Place    | Note
-------+----------+-------------------------------------------
     0 | D:1      | qw the Deep Elf Hunter began the quest for the Orb.
     0 | D:1      | Reached XP level 1. HP: 12/12 MP: 3/3
     0 | D:1      | 0 ||| qw: Version: 0.3-a-9-g12657ce
     0 | D:1      | 0 ||| qw: Game counter: 2717
     0 | D:1      | 0 ||| qw: Always use a shield: true
     0 | D:1      | 0 ||| qw: God list: Okawaru
     0 | D:1      | 0 ||| qw: Allow faded altars: false
     0 | D:1      | 0 ||| qw: Do Orc after D:15 true
     0 | D:1      | 0 ||| qw: Do second Lair branch before Depths: true
     0 | D:1      | 0 ||| qw: Lair rune preference: random
     0 | D:1      | 0 ||| qw: Plans: Normal
     0 | D:1      | 0 ||| PLANNING D:1-11
    60 | D:1      | Reached skill level 6 in Ranged Weapons
    60 | D:1      | Reached XP level 2. HP: 16/16 MP: 4/4
   184 | D:1      | Found Luggeshu's Assorted Antiques.
   194 | D:1      | 194 ||| SHOPLISTING 2 sedimented ruby potions (39 gold,
                  | have 6).
   194 | D:1      | 194 ||| SHOPLISTING scroll labelled FISEN FOU (22 gold,
                  | have 6).
   194 | D:1      | 194 ||| SHOPLISTING scroll labelled JEUJEY VYCE (22 gold,
                  | have 6).
   194 | D:1      | 194 ||| SHOPLISTING scroll labelled VIKIGI AGUTUEM (22
                  | gold, have 6).
   231 | D:1      | Found a faded altar of an unknown god.
   738 | D:1      | 738 ||| READING scroll labelled TUYDIE NESIQE.
   739 | D:1      | 739 ||| READING scroll labelled QODUODOTEHE.
   740 | D:1      | 740 ||| DRINKING 2 bubbling cyan potions.
   741 | D:1      | 741 ||| DROPPING scroll of butterflies.
   773 | D:2      | Found a broken altar of Ashenzari.
   783 | D:2      | Reached XP level 3. HP: 20/20 MP: 5/5
   881 | D:2      | Reached skill level 7 in Ranged Weapons
  1390 | D:2      | 1390 ||| UPGRADING to +0 scale mail.
  1397 | D:2      | HP: 5/20 [adder (1)]
  1399 | D:2      | HP: 1/20 [adder (2)]
  1399 | D:2      | Slain by an adder

Levels and vault maps discovered:
D:1:      dpeg_arrival_chambers_temple_mockup, layout_basic, serial_shops,
          nicolae_lakefront_shop, ebering_ecumenical_altar_box
D:2:      layout_basic, serial_bayou, serial_bayou_lagoon_a,
          serial_bayou_shore_a, serial_bayou_ford_a, serial_bayou_pond_d,
          basic_altar

Skill      XL: |  1  2  3 |
---------------+----------+-----
Ranged Weapons | 6 7 |  7.0
Fighting       | |  1.5
Dodging        | |  2.4
Stealth        | |  1.2

Action                     || total
---------------------------++-------
   Fire: Shortbow          ||   119
    Use: Scroll            ||     2
         Potion            ||     1
 Armour: Leather armour    ||    13
  Dodge: Dodged            ||    27

Table legend:
 A = Non-vault XP
 B = Vault XP
 C = Vault XP percentage of total XP
 D = Non-vault monster count
 E = Vault monster count
 F = Vault count percentage of total count
                 A         B        C        D         E       F
            +---------+---------+-------+---------+---------+-------
      Total |      70 |       0 |   0.0 |      30 |       0 |   0.0
            +---------+---------+-------+---------+---------+-------
        D:1 |      40 |       0 |   0.0 |      22 |       0 |   0.0
        D:2 |      30 |       0 |   0.0 |       8 |       0 |   0.0
            +---------+---------+-------+---------+---------+-------
